 Dungeon Crawl Stone Soup version 0.29.1-12-g30fa7ad0bf (webtiles) character file.

Game seed: 8266827830326735927

175 xSliceyx the Magician (level 5, -2/35 HPs)
             Began as a Djinni Hedge Wizard on Dec 23, 2022.
             Killed by their own static electricity (4 damage)
             ... on level 5 of the Dungeon.
             The game lasted 00:06:20 (3172 turns).

xSliceyx the Magician (Djinni Hedge Wizard)         Turns: 3172, Time: 00:06:21

Health: -2/35      AC:  3    Str:  9    XL:     5   Next: 86%
Gold:   75         EV: 12    Int: 17    God:
                   SH:  0    Dex: 19

rFire   + + .      SeeInvis .   s - +0 dagger (protect)
rCold   x . .      Faith    .   (no shield)
rNeg    . . .      Spirit   .   b - +0 robe
rPois   ∞          Reflect  .   u - +0 hat
rElec   .          Harm     .   (no cloak)
rCorr   .          Rampage  .   t - +0 pair of gloves
Will    .....                   (boots unavailable)
Stlth   ++........              (no amulet)
HPRegen 0.11/turn               a - +6 ring of dexterity
MPRegen 0.00/turn               (no ring)

@: flying
A: sickness immunity, fire resistance 2, cold vulnerability 1, float, innate
caster, HP casting, extra vitality 1
a: no special abilities


You were on level 5 of the Dungeon.
You visited 1 branch of the dungeon, and saw 4 of its levels.

You collected 75 gold pieces.

Inventory:

Hand Weapons
 o - a +0 spear
 s - a +0 dagger of protection (weapon)
Missiles
 m - 2 poisoned darts
Armour
 b - a +0 robe (worn)
 t - a +0 pair of gloves (worn)
 u - a +0 hat (worn)
Magical Staves
 j - a staff of earth
Jewellery
 a - a +6 ring of dexterity (left hand)
Wands
 r - a wand of roots (10)
Scrolls
 c - 2 scrolls of amnesia {unknown}
 d - 3 scrolls of identify {unknown}
 f - a scroll of enchant weapon {unknown}
 g - a scroll of noise {unknown}
 k - 2 scrolls of teleportation {unknown}
 v - a scroll of fear {unknown}
Potions
 e - 3 potions of attraction {unknown}
 h - a potion of cancellation {unknown}
 i - a potion of brilliance {unknown}
 l - 2 potions of degeneration {unknown}
 n - a potion of ambrosia {unknown}
 p - a potion of resistance {unknown}
 q - 2 potions of curing {unknown}


   Skills:
 - Level 2.1 Dodging
 - Level 1.5 Stealth
 + Level 4.7 Spellcasting


You couldn't memorise any spells.
You knew the following spells:

 Your Spells              Type           Power      Damage    Failure   Level
a - Magic Dart            Conj           80%        1d7       2%          1
b - Blink                 Tloc           40%        N/A       3%          2
c - Call Imp              Summ           20%        N/A       3%          2
d - Slow                  Hex            80%        N/A       2%          1
e - Conjure Flame         Conj/Fire      20%        6-21      6%          3
f - Mephitic Cloud        Conj/Pois/Air  20%        N/A       6%          3
g - Beastly Appendage     Tmut           40%        N/A       2%          1
h - Static Discharge      Conj/Air       20%        3-6/arc   3%          2
Your spell library was empty.

Dungeon Overview and Level Annotations

Branches:
Dungeon (3/15)

Altars:
Hepliaklqana
Nemelex Xobeh

Shops:
D:2 [


Innate Abilities, Weirdness & Mutations

You are immune to sickness and miasma.
You are immune to poison.
Your flesh is very heat resistant. (rF++)
You are vulnerable to cold. (rC-)
You float through the air rather than walking.
You learn spells naturally, not from books.
Your magical power is your life essence.
You have superior vitality. (+4 MHP)


Message History

The phantom is struck by an arc of lightning.
The phantom is severely damaged.
You are struck by an arc of lightning.
The phantom is struck by an arc of lightning.
The phantom is almost destroyed.
You are struck by an arc of lightning.
The lightning grounds out.
The hound bites you. The phantom closely misses you.
Unknown command.
Unknown command.
Unknown command.
Casting: Static Discharge (safe; 4% risk of failure)
Confirm with . or Enter, or press ? or * to list all spells.
The phantom is struck by an arc of lightning.
You destroy the phantom!
You are struck by an arc of lightning.
* * * LOW HITPOINT WARNING * * *
The lightning grounds out.
The hound is struck by an arc of lightning.
The hound is lightly wounded.
You are struck by an arc of lightning.
* * * LOW HITPOINT WARNING * * *
The lightning grounds out.
The plant is struck by an arc of lightning.
The plant begins to die.
The plant is lightly damaged.
You are struck by an arc of lightning.
* * * LOW HITPOINT WARNING * * *
The plant is struck by an arc of lightning.
The plant is lightly damaged.
The plant is struck by an arc of lightning.
The plant is lightly damaged.
The lightning grounds out.
* * * LOW HITPOINT WARNING * * *
The hound splashes around in the water.
Casting: Static Discharge (safe; 3% risk of failure)
Confirm with . or Enter, or press ? or * to list all spells.
The hound is struck by an arc of lightning.
The hound is moderately wounded.
You are struck by an arc of lightning.
You die...

#........#
###..[####
#.### #.## ♣
#..## ♣♣~
♣...#
♣~~♣♣♣♣♣♣.#
♣PP♣.~~PP.P♣.#
~..~~~~@~~...#
♣♣~♣~~h♣~~♣P##
♣♣~♣♣♣♣♣♣# ♣~
♣


You could see a hound.

Vanquished Creatures
  A phantom (D:5)
  3 gnolls (D:3)
  6 orcs (D:3)
  5 ball pythons
  3 endoplasms
  3 giant cockroaches
  6 goblins
  4 hobgoblins
  3 jackals (D:1)
  A quokka (D:2)
  3 bats
  15 frilled lizards
  6 kobolds
  8 rats
67 creatures vanquished.

Notes
Turn   | Place    | Note
-------+----------+-------------------------------------------
     0 | D:1      | xSliceyx the Djinni Hedge Wizard began the quest for the
                  | Orb.
     0 | D:1      | xSliceyx set off with the following spells memorised: Magic
                  | Dart, Blink, Call Imp, Slow, Conjure Flame, Mephitic Cloud.
     0 | D:1      | Reached XP level 1. HP: 15/15 MP: 0/0
   445 | D:1      | Reached XP level 2. HP: 18/21 MP: 0/0
   678 | D:1      | Reached skill level 3 in Spellcasting
   948 | D:1      | Reached XP level 3. HP: 18/25 MP: 0/0
   948 | D:1      | Learned a level 1 spell: Beastly Appendage
  1451 | D:2      | Found Haps's Antique Armour Shoppe.
  2104 | D:2      | Found a hazy altar of Hepliaklqana.
  2122 | D:2      | Reached XP level 4. HP: 19/31 MP: 0/0
  2737 | D:3      | Reached skill level 4 in Spellcasting
  2756 | D:3      | Reached XP level 5. HP: 7/35 MP: 0/0
  2756 | D:3      | Learned a level 2 spell: Static Discharge
  3044 | D:3      | Found a sparkling altar of Nemelex Xobeh.
  3102 | D:3      | You are sucked into a shaft and drop 2 floors!
  3102 | D:5      | Entered Level 5 of the Dungeon
  3159 | D:5      | Noticed a phantom
  3171 | D:5      | Killed a phantom
  3172 | D:5      | Killed from afar by themself

Illustrated notes

Levels and vault maps discovered:
D:1:      noname_arrival_rooms_in_the_neighbourhood, layout_rooms
D:2:      layout_basic, basic_altar, serial_shops, shop, minmay_misc_feat_iff,
          minmay_lizard_pond
D:3:      layout_basic, mainiacjoe_overflow_cross_hatched
D:5:      layout_loops_ring, lemuel_tele_altar, minivault_26,
          serial_bayou_crossing, uniq_ijyb

Skill      XL: |  1  2  3  4 |
---------------+-------------+-----
Spellcasting   | 3 4 |  4.7
Dodging        | |  2.1
Stealth        | |  1.5

Action                   |  1- 3 |  4- 6 || total
-------------------------+-------+-------++-------
Melee: Dagger            |     7 |       ||     7
 Cast: Magic Dart        |    86 |    38 ||   124
       Conjure Flame     |     1 |     2 ||     3
       Static Discharge  |       |     3 ||     3
       Slow              |       |     1 ||     1
Evoke: Wand              |       |     3 ||     3
Armor: Robe              |     3 |       ||     3
Dodge: Dodged            |    10 |     1 ||    11
